 Dungeon Crawl Stone Soup version 0.29.1-15-g9cfb28693d (webtiles) character file.

Game seed: 8952571660799182598

4526 pokedragonboy the Destroyer (level 10, -1/50 HPs)
             Began as a Deep Elf Conjurer on Mar 10, 2023.
             Was an Initiate of Vehumet.
             Slain by a freezing wraith (20 damage)
             ... on level 9 of the Dungeon.
             The game lasted 00:33:10 (9806 turns).

pokedragonboy the Destroyer (Deep Elf Conjurer)     Turns: 9806, Time: 00:33:11

Health: -1/50      AC:  5    Str:  4    XL:     10   Next: 17%
Magic:  3/26       EV: 12    Int: 28    God:    Vehumet [......]
Gold:   397        SH:  0    Dex: 13    Spells: 13/29 levels left

rFire   . . .      SeeInvis +   c - staff of conjuration
rCold   . . .      Faith    .   (no shield)
rNeg    . . .      Spirit   .   o - +1 robe
rPois   .          Reflect  .   C - +0 helmet
rElec   .          Harm     .   (no cloak)
rCorr   .          Rampage  .   s - +0 pair of gloves
Will    +....                   (no boots)
Stlth   ++........              l - amulet of regeneration
HPRegen 0.96/turn               h - ring of see invisible
MPRegen 0.20/turn               (no ring)

@: slowed, studying Conjurations, very slow
A: no striking features
a: Renounce Religion


You were on level 9 of the Dungeon.
You worshipped Vehumet.
Vehumet was noncommittal.
You visited 2 branches of the dungeon, and saw 10 of its levels.

You collected 397 gold pieces.

Inventory:

Hand Weapons
 a - a +0 dagger
 E - a +2 short sword of speed
Armour
 o - a +1 robe (worn)
 s - a +0 pair of gloves (worn)
 C - a +0 helmet (worn)
 J - +0 acid dragon scales
Magical Staves
 c - a staff of conjuration (weapon)
Jewellery
 h - a ring of see invisible (left hand)
 l - an amulet of regeneration (around neck)
 A - an amulet of guardian spirit
 G - a ring of flight
Wands
 p - a wand of polymorph (4)
 z - a wand of flame (13)
Scrolls
 f - 3 scrolls of fog
 g - 3 scrolls of enchant weapon
 i - 2 scrolls of enchant armour
 q - 3 scrolls of fear
 u - 3 scrolls of amnesia
 v - 3 scrolls of poison
 x - 3 scrolls of teleportation
 y - 4 scrolls of magic mapping
 D - a scroll of immolation {unknown}
 I - a scroll of vulnerability {unknown}
Potions
 b - 2 potions of magic
 d - 3 potions of might
 e - 2 potions of curing
 j - 2 potions of brilliance
 k - a potion of berserk rage {unknown}
 m - a potion of resistance {unknown}
 n - a potion of mutation {unknown}
 r - 2 potions of cancellation
 t - 3 potions of attraction
 w - 2 potions of invisibility {unknown}
 B - 2 potions of haste {unknown}
 F - 2 potions of ambrosia {unknown}
 H - a potion of lignification {unknown}


   Skills:
 - Level 2.4 Dodging
 - Level 2.4 Stealth
 + Level 10.2 Spellcasting
 * Level 12.8 Conjurations
 + Level 8.6 Hexes
 - Level 5.0 Necromancy


You had 13 spell levels left.
You knew the following spells:

 Your Spells              Type           Power      Damage    Failure   Level
a - Magic Dart            Conj           100%       1d8       1%          1
b - Searing Ray           Conj           100%       2d8       1%          2
c - Fulminant Prism       Conj/Hex       42%        3d20      1%          4
d - Iskenderun's Mystic   Conj/Tloc      66%        2d14      2%          4
f - Stone Arrow           Conj/Erth      100%       3d13      1%          3
s - Sublimation of Blood  Necr           42%        N/A       1%          2

Your spell library contained the following spells:

 Spells                   Type           Power      Damage    Failure   Level
 Dazzling Flash           Conj/Hex       100%       N/A       1%          3
 Inner Flame              Hex/Fire       38%        N/A       1%          3
 Cause Fear               Hex            29%        N/A       1%          4
 Anguish                  Hex/Necr       25%        N/A       2%          4
 Sandblast                Erth           28%        2d8       4%          1
 Passwall                 Tmut/Erth      11%        N/A       6%          2
 Irradiate                Conj/Tmut      33%        3d22      8%          5
 Agony                    Necr           42%        N/A       14%         5
 Metabolic Englaciation   Hex/Ice        19%        N/A       19%         5
 Silence                  Hex/Air        19%        N/A       19%         5
 Petrify                  Tmut/Erth      14%        N/A       36%         4
 Enfeeble                 Hex            29%        N/A       67%         7
 Statue Form              Tmut/Erth      9%         N/A       99%         6
 Discord                  Hex            29%        N/A       100%        8


Dungeon Overview and Level Annotations

Branches:
Dungeon (9/15)             Temple (1/1) D:7
   Lair: D:8-11         Orc: D:9-12

Altars:
Ashenzari
Cheibriados
Dithmenos
Gozag
Hepliaklqana
Kikubaaqudgha
Nemelex Xobeh
Okawaru
Qazlal
Ru
Sif Muna
Trog
Uskayaw
Vehumet
Xom
Yredelemnul
Zin
The Shining One
Lugonu

Shops:
D:3 *

Portals:
Abyss: D:4

Annotations:
D:3 2 runed translucent doors, bnorton916's ghost, amateur DEFE
D:8 exclusion: manticore


Message History

Confirm with . or Enter, or press ? or * to list all spells.
Aiming: Fulminant Prism (dangerous; 1% risk of failure)
Press: ? - help, Dir - move target You feel a surge of power!
You conjure a prism of explosive energy!
A fulminant prism comes into view.
The wraith hits you but does no damage.
Unknown command.
You hit the freezing wraith but do no damage.
The freezing wraith barely misses you. The freezing wraith hits you.
The freezing wraith drains your vigour!
You feel as though you will be slow longer.
Your fulminant prism crackles loudly.
The freezing wraith completely misses you.
The freezing wraith hits you! The freezing wraith drains your vigour!
You feel as though you will be slow longer.
You feel better.
Your fulminant prism explodes!
The blast of energy engulfs the wraith!!
You destroy the wraith!
Vehumet accepts your kill.
The blast of energy engulfs the freezing wraith!!
The freezing wraith is heavily damaged.
The freezing wraith closely misses you. The freezing wraith hits you.
Casting: Fulminant Prism (dangerous; 1% risk of failure)
Confirm with . or Enter, or press ? or * to list all spells.
You feel a surge of power!
You erupt in a blast of force!
The mystic blast hits the freezing wraith.
The freezing wraith is severely damaged.
The freezing wraith is knocked back by the mystic blast.
Casting: Iskenderun's Mystic Blast (dangerous; 2% risk of failure)
Confirm with . or Enter, or press ? or * to list all spells.
Okay, then.
Casting: Iskenderun's Mystic Blast (dangerous; 2% risk of failure)
Confirm with . or Enter, or press ? or * to list all spells.
You draw magical energy from your own body!
The freezing wraith closely misses you. x2
The freezing wraith attacks as you move away!
The freezing wraith hits you! The freezing wraith freezes you!!
You die...

.# #.......# .#
#.....# .## #..†#
..## ##)## ...#
#.# ...# #.# .#.#
#.# .#.# #W# .#.#
#@# ## ##### .#.#
#.# ... ...#
.#.########## #.#
#.#####.#
............####.#
#........
#.#########......#
.####...###.# #.#
########
........##.# #.#
##.......#.# #.#
#).........#
#.###########
#.......###


You could see a freezing wraith.

Vanquished Creatures
  A hornet (D:9)
  A troll (D:7)
  A shadow (D:7)
  A wraith (D:9)
  5 yaks (D:9)
  An acid dragon (D:9)
  An ice beast (D:5)
  2 black bears
  2 orc warriors (D:7)
  3 sky beasts
  2 ogres (D:3)
  A phantom (D:6)
  A kobold brigand (D:8)
  6 bullfrogs
  A necrophage (D:5)
  7 scorpions
  4 wights
  A howler monkey (D:7)
  2 hounds
  A gnoll bouda (D:7)
  2 orc priests
  A jelly (D:6)
  Ijyb (D:2)
  2 iguanas
  11 orc wizards
  9 adders
  4 gnolls (D:7)
  2 shadow imps
  2 white imps
  An ufetubus (D:5)
  A worm (D:3)
  2 dart slugs
  22 orcs
  6 endoplasms
  3 giant cockroaches
  8 goblins
  10 hobgoblins
  2 jackals (D:3)
  11 kobolds
  3 quokkas (D:2)
  6 ball pythons
  5 bats
  A frilled lizard (D:3)
  8 rats
167 creatures vanquished.

Vanquished Creatures (others)
  23 fulminant prisms
23 creatures vanquished.

Grand Total: 190 creatures vanquished

Notes
Turn   | Place    | Note
-------+----------+-------------------------------------------
     0 | D:1      | pokedragonboy the Deep Elf Conjurer began the quest for the
                  | Orb.
     0 | D:1      | Reached XP level 1. HP: 10/10 MP: 6/6
   190 | D:1      | Reached skill level 1 in Hexes
   190 | D:1      | Reached XP level 2. HP: 15/15 MP: 5/8
   835 | D:2      | Reached skill level 5 in Conjurations
   835 | D:2      | Reached XP level 3. HP: 15/19 MP: 5/10
   876 | D:2      | Learned a level 2 spell: Searing Ray
  1422 | D:3      | Noticed a black bear
  1474 | D:3      | Noticed Ijyb
  1508 | D:2      | Reached XP level 4. HP: 24/24 MP: 12/12
  1543 | D:2      | Killed Ijyb
  1780 | D:3      | Noticed an ogre
  1787 | D:3      | Noticed an ogre
  1792 | D:3      | Killed an ogre
  1793 | D:3      | Reached skill level 6 in Conjurations
  1793 | D:3      | Reached XP level 5. HP: 28/28 MP: 7/14
  1798 | D:3      | Learned a level 4 spell: Fulminant Prism
  2204 | D:3      | Found a large runed translucent door.
  2204 | D:3      | Found a large runed translucent door.
  2246 | D:3      | Noticed bnorton916's ghost (amateur DEFE)
  2474 | D:3      | Killed an ogre
  2475 | D:3      | Reached skill level 5 in Spellcasting
  2475 | D:3      | Reached XP level 6. HP: 32/32 MP: 8/15
  2618 | D:3      | Found Innistibb's Assorted Antiques.
  2796 | D:4      | Found a large runed translucent door.
  2796 | D:4      | Found a large runed translucent door.
  2838 | D:4      | Found a corrupted altar of Lugonu.
  3004 | D:4      | Reached skill level 7 in Conjurations
  3107 | D:4      | Found a one-way gate to the infinite horrors of the Abyss.
  3266 | D:4      | Learned a level 2 spell: Sublimation of Blood
  3428 | D:4      | Found a glowing silver altar of Zin.
  3633 | D:5      | Entered Level 5 of the Dungeon
  3706 | D:5      | Reached XP level 7. HP: 36/36 MP: 9/17
  3912 | D:5      | Found a shadowy altar of Dithmenos.
  3998 | D:5      | Reached skill level 5 in Hexes
  4137 | D:5      | Reached skill level 8 in Conjurations
  4835 | D:6      | Reached XP level 8. HP: 41/41 MP: 12/20
  5434 | D:7      | Reached skill level 9 in Conjurations
  6103 | D:7      | Reached skill level 10 in Conjurations
  6513 | D:7      | Found a glowing golden altar of the Shining One.
  6624 | D:7      | Reached XP level 9. HP: 45/45 MP: 18/23
  6996 | D:7      | Reached skill level 1 in Necromancy
  7077 | D:7      | Noticed a troll
  7113 | D:7      | Killed a troll
  7488 | D:7      | Found a staircase to the Ecumenical Temple.
  7497 | Temple   | Entered the Ecumenical Temple
  7593 | Temple   | Became a worshipper of Kikubaaqudgha
  7856 | D:7      | Reached skill level 11 in Conjurations
  8127 | D:8      | Found an opulent altar of Gozag.
  8543 | D:8      | Learned a level 3 spell: Stone Arrow
  8579 | D:8      | Found a broken altar of Ashenzari.
  8797 | D:8      | Noticed a manticore
  8934 | D:9      | Reached skill level 5 in Necromancy
  9193 | D:9      | Identified a scroll of acquirement
  9193 | D:9      | Acquired a staff of conjuration
  9295 | Temple   | Fell from the grace of Kikubaaqudgha
  9295 | Temple   | Became a worshipper of Vehumet
  9487 | D:9      | Reached skill level 12 in Conjurations
  9497 | D:9      | Reached XP level 10. HP: 50/50 MP: 14/25
  9499 | D:9      | Reached skill level 10 in Spellcasting
  9504 | D:9      | Learned a level 4 spell: Iskenderun's Mystic Blast
  9806 | D:9      | Slain by a freezing wraith

Illustrated notes

Levels and vault maps discovered:
D:1:      lightli_arrival_statuegarden, layout_rooms, serial_glass,
          glass_columns_c, glass_columns_a, glass_columns_b, glass_columns_b,
          glass_columns_a, glass_columns_a, glass_columns_c, glass_columns_c,
          glass_columns_a, glass_columns_c, glass_columns_b, glass_columns_c,
          glass_columns_a, glass_columns_c, minmay_strange_pillars,
          item_on_display_a
D:2:      layout_basic, minmay_misc_feat_encased
D:3:      layout_rooms, serial_shops, nicolae_shop_behind_doors,
          ebering_ghost_disaster_area, minmay_starry_boxes, uniq_ijyb
D:4:      due_chaos_kobolds, layout_cave_pools, zin_scriptorium,
          grunt_ministairs_2
D:5:      layout_gridville, mainiacjoe_overflow_brackets
D:6:      layout_basic
D:7:      layout_layer_cave, nicolae_tso_swordbearing_angel,
          minmay_temple_entry_fiery, nicolae_lava_and_water,
          minmay_manual_mullet
D:8:      layout_basic, overflow_temple_1_default, evilmike_ruin_ashenzari
D:9:      layout_loops_ring, hangedman_minor_gate_pass
Temple:   dshaligram_water_room_temple

Skill      XL: |  1  2  3  4  5  6  7  8  9 10 |
---------------+-------------------------------+-----
Hexes          | 1 2 3 4 5 7 8 |  8.6
Conjurations   | 5 6 7 8 10 12 | 12.8
Spellcasting   | 4 5 6 8 9 10 | 10.2
Necromancy     | 5 |  5.0
Dodging        | |  2.4
Stealth        | |  2.4

Action                   |  1- 3 |  4- 6 |  7- 9 | 10-12 || total
-------------------------+-------+-------+-------+-------++-------
Melee: Unarmed           |     3 |    21 |       |       ||    24
       Dagger            |       |     4 |     1 |       ||     5
       Staff             |       |       |     1 |     3 ||     4
       Short sword       |       |       |     1 |       ||     1
 Cast: Magic Dart        |    71 |    71 |   111 |     2 ||   255
       Searing Ray       |     1 |    16 |    45 |     4 ||    66
       Fulminant Prism   |       |     1 |    17 |     5 ||    23
       Stone Arrow       |       |       |     6 |     1 ||     7
       Iskenderun's Myst |       |       |       |     3 ||     3
       Sublimation of Bl |       |       |       |     1 ||     1
  Use: Potion            |       |     1 |       |     2 ||     3
       Scroll            |       |       |    16 |       ||    16
 Stab: Confused          |       |     1 |       |       ||     1
Armor: Skin              |     2 |     4 |       |       ||     6
       Robe              |     1 |     4 |    16 |     1 ||    22
Dodge: Dodged            |    12 |    22 |    38 |    10 ||    82
